 Dungeon Crawl Stone Soup version 0.31-a0-982-g1816016 (webtiles) character file.

Game seed: 18369805310188283693

118 PublicAnimeNo1 the Ruffian (level 5, -5/53 HPs)
             Began as an Ogre Shapeshifter on Nov 2, 2023.
             Killed by nerve-wracking pain
             ... invoked by an orc priest
              (6 damage)
             ... on level 2 of the Dungeon.
             The game lasted 00:04:21 (1669 turns).

PublicAnimeNo1 the Ruffian (Ogre Shapeshifter)      Turns: 1669, Time: 00:04:22

Health: -5/53      AC:  3    Str: 20    XL:     5   Next: 2%
Magic:  5/5        EV:  9    Int: 11    God:
Gold:   103        SH:  0    Dex:  8    Spells: 4/4 levels left

rFire   . .          .
                       - Unarmed
rCold   . . .        (no shield)
rNeg    . . .        a - +0 animal skin
rPois   .            (helmet currently unavailable)
rElec   .            (cloak currently unavailable)
rCorr   .            (gloves unavailable)
SInv    .            (boots unavailable)
Will    .....        (no amulet)
Stlth   +            (no ring)
HPRegen 0.28/turn    (no ring)
MPRegen 0.09/turn

%: no passive effects
@: beast-form
A: beast (slay +2), large, unfitting armour, tough skin 1
a: Begin Untransformation


You were on level 2 of the Dungeon.
You were a hulking beast.
You visited 1 branch of the dungeon, and saw 3 of its levels.

You collected 103 gold pieces.

Inventory:

Hand Weapons
 i - a +4 dagger of speed
Armour
 a - a +0 animal skin (worn)
Jewellery
 g - a ring of protection from fire
Talismans
 c - a beast talisman
 d - a flux talisman
Wands
 m - a wand of flame (20) (quivered)
Scrolls
 e - a scroll of noise {unknown}
 h - a scroll of fog {unknown}
 k - a scroll of teleportation {unknown}
Potions
 b - a potion of lignification
 f - 2 potions of resistance {unknown}
 j - a potion of degeneration {unknown}
 l - 2 potions of curing {unknown}


   Skills:
 + Level 3.1 Fighting
 - Level 1.7 Dodging
 * Level 4.0 Unarmed Combat
 + Level 3.6 Shapeshifting


You had 4 spell levels left.
You didn't know any spells.
Your spell library contained the following spells:

 Spells                   Type           Power      Damage    Failure   Level
 Passage of Golubria      Tloc           0%         N/A       98%         4
 Silence                  Hex/Air        0%         N/A       100%        5
 Lehudib's Crystal Spear  Conj/Erth      0%         10d2      100%        8


Dungeon Overview and Level Annotations

Branches:
Dungeon (3/15)

Altars:


Innate Abilities, Weirdness & Mutations

You are a hulking beast.
Your limbs bulge with bestial killing power. (Slay +2)
You are too large for most types of armour.
You have tough skin. (AC +1)


Message History

Aim: an orc priest, wielding a +0 morningstar and wearing a +0 chain mail (77% to hit)
The puff of flame hits the orc priest.
The orc priest is moderately wounded.
Aiming: Throw Flame
Press: ? - help, Q - select action Shift-Dir - straight line, f/p - orc priest
Aim: an orc priest, wielding a +0 morningstar and wearing a +0 chain mail (moderately wounded, 77% to hit)
The puff of flame misses the orc priest.
The orc wizard mumbles some strange words.
The orc wizard flickers and vanishes!
Deactivating autopickup; reactivate with Ctrl-A.
The orc priest invokes the aid of Beogh against you.
Pain shoots through your body!
You climb upwards.
Reactivating autopickup.
There is a stone staircase leading down here.
You hit the orc priest.
The orc priest is severely wounded.
The orc hits you with a +0 club.
The orc priest begins to cast a cantrip, but forgets the words!
You closely miss the orc priest.
The orc priest is severely wounded.
The orc barely misses you.
The orc priest hits you with a +0 morningstar!
You hit the orc priest.
The orc priest is severely wounded.
The orc hits you but does no damage.
The orc priest hits you with a +0 morningstar!
You hit the orc priest.
The orc priest is almost dead.
The orc hits you with a +0 club.
* * * LOW HITPOINT WARNING * * *
The orc priest invokes the aid of Beogh against you.
Pain shoots through your body!
* * * LOW HITPOINT WARNING * * *
You hit the orc priest.
The orc priest is almost dead.
The orc hits you but does no damage.
The orc priest invokes the aid of Beogh against you.
Pain shoots through your body!
You die...

#.......# #.......#######
#.......#.....###
####.......##.##...#######
#.............####.......#
#.##........#............#
#..####...#...#########...
##..###...o...............
##..###.h...##.######..##
##......o.%....#####.###
#####...#..............
##.................
##.....#......#### ###
##.......###...## #.##
#####.........####..##
#####..###....................#
##.......##.##.......#..........


You could see an orc priest and an orc.

Vanquished Creatures
  An orc wizard (D:3)
  A gnoll (D:1)
  3 adders
  8 orcs
  5 endoplasms
  A giant cockroach (D:1)
  5 hobgoblins
  2 quokkas
  3 ball pythons
  5 bats
  2 frilled lizards
  3 goblins
  5 kobolds
  6 rats
50 creatures vanquished.

Notes
Turn   | Place    | Note
-------+----------+-------------------------------------------
     0 | D:1      | PublicAnimeNo1 the Ogre Shapeshifter began the quest for
                  | the Orb.
     0 | D:1      | Reached XP level 1. HP: 19/19 MP: 1/1
    96 | D:1      | Reached skill level 3 in Unarmed Combat
    96 | D:1      | Reached XP level 2. HP: 28/28 MP: 2/2
   400 | D:1      | Reached XP level 3. HP: 35/35 MP: 3/3
   467 | D:1      | Found a faded altar of an unknown god.
  1079 | D:2      | Reached XP level 4. HP: 38/44 MP: 4/4
  1611 | D:3      | Reached skill level 4 in Unarmed Combat
  1611 | D:3      | Reached XP level 5. HP: 41/53 MP: 5/5
  1668 | D:2      | HP: 1/53 [orc priest/nerve-wracking pain (13)]
  1669 | D:2      | Killed from afar by an orc priest

Illustrated notes

Levels and vault maps discovered:
D:1:      amcnicky_arrival_flooded_fountain, layout_loops_ring,
          shapermc_ecumenical_altar_mp_highgroup
D:2:      layout_rooms, serial_glass, glass_columns_a, glass_columns_a
D:3:      layout_rooms, tgw_xom, nicolae_hexahallways

Skill      XL: |  1  2  3  4 |
---------------+-------------+-----
Unarmed Combat | 3 4 |  4.0
Fighting       | 2 3 |  3.1
Dodging        | |  1.7
Shapeshifting  | |  3.6

Action                     |  1- 3 |  4- 6 || total
---------------------------+-------+-------++-------
  Melee: Unarmed           |    80 |    70 ||   150
         Punch             |     3 |     1 ||     4
  Evoke: Wand              |       |     6 ||     6
 Armour: Animal skin       |    47 |    38 ||    85
  Dodge: Dodged            |    35 |    24 ||    59

Table legend: (Time is in decaauts)
 A = Elapsed time spent in this place.
 B = Non-inter-level travel time spent in this place.
 C = Inter-level travel time spent in this place.
 D = Time resting spent in this place.
 E = Time spent auto-exploring this place.
 F = Levels seen in this place.
 G = Mean time per level.
                   A        B        C        D        E       F      G
               +--------+--------+--------+--------+--------+-----+--------+
         Total |   1660 |   1605 |     55 |     71 |   1068 |   3 |  553.3 |
       Dungeon |   1660 |   1605 |     55 |     71 |   1068 |   3 |  553.3 |
               +--------+--------+--------+--------+--------+-----+--------+

Top non-repeatable levels by time:
     D:1: 794 daAuts
     D:2: 530 daAuts
     D:3: 336 daAuts
